 Dungeon Crawl Stone Soup version 0.13.0-6-g40e4d2d (webtiles) character file.

19970 Sugram the Bludgeoner (level 12, -1/103 HPs)
             Began as a Minotaur Fighter on Oct 15, 2013.
             Was a High Priest of Okawaru.
             Slain by a very large slime creature (34 damage)
             ... on Level 13 of the Dungeon.
             The game lasted 01:52:32 (12278 turns).

Sugram the Bludgeoner (Minotaur Fighter)           Turns: 12278, Time: 01:52:32

HP  -1/103       AC 26     Str 29      XL: 12   Next: 41%
MP  27/27        EV  6     Int  5      God: Okawaru [*****.]
Gold 25          SH 26     Dex 12      Spells:  0 memorised, 11 levels left

Res.Fire  : . . .   See Invis. : .   j - +1,+3 orc mace (protect)
Res.Cold  : + . .   Warding    : .   i - -1 plate armour of Strike {+Rage}
Life Prot.: + . .   Conserve   : .   c - +0 shield
Res.Poison: .       Res.Corr.  : +   p - +1 elf wizard hat
Res.Elec. : .       Clarity    : .   k - +0 orc cloak
Sust.Abil.: . .     Spirit.Shd : .   J - +2 pair of gloves of Pragmatism {Str+2 Dex+3}
Res.Mut.  : .       Stasis     : .   x - +0 pair of dwarf boots
Res.Rott. : .       Flight     : .   f - amulet of resist corrosion
Saprovore : . . .                    w - ring of positive energy
                                     n - cursed ring of magical power

@: somewhat resistant to hostile enchantments, extremely unstealthy
A: retaliatory headbutt, horns 2, cold resistance 1
a: Heroism, Finesse, Renounce Religion, Evoke Berserk Rage


You were on level 13 of the Dungeon.
You worshipped Okawaru.
Okawaru was extremely pleased with you.
You were not hungry.

You visited 3 branches of the dungeon, and saw 18 of its levels.
You visited 1 bazaar.

You collected 808 gold pieces.
You spent 803 gold pieces at shops.

Inventory:

Hand weapons
 b - a -1,+0 orcish great mace
 d - a +2,+2 great mace
 e - a +1,+2 orcish morningstar
 j - a +1,+3 orcish mace of protection (weapon)
 t - a +2,+2 mace
 u - a +0,+0 orcish dagger (quivered)
 z - a +1,+0 dwarven mace
 A - a +1,+3 orcish flail
Armour
 c - a +0 shield (worn)
 h - a +0 pair of gloves
 i - the -1 plate armour of Strike (worn) {+Rage}
   (You found it on level 7 of the Dungeon)

   It lets you go berserk.
 k - a +0 orcish cloak (worn)
 p - a +1 elven wizard hat (worn)
 x - a +0 pair of dwarven boots (worn)
 E - a +2 orcish robe of positive energy
 F - a +1 pair of gloves of dexterity
 J - the +2 pair of gloves of Pragmatism (worn) {Str+2 Dex+3}
   (Okawaru gifted it to you on level 12 of the Dungeon)

   It affects your strength (+2).
   It affects your dexterity (+3).
Magical devices
 l - a wand of confusion (5) {unknown}
 q - a wand of polymorph (8) {unknown}
 v - a wand of random effects (8) {unknown}
 y - a wand of teleportation (2) {unknown}
 G - a wand of draining (5) {unknown}
Scrolls
 m - 2 scrolls of identify
 o - 2 scrolls of fear
 r - 2 scrolls of magic mapping
 s - 7 scrolls of amnesia
 C - a scroll of summoning {unknown}
 H - a scroll of blinking
Jewellery
 a - a cursed ring of see invisible
 f - an amulet of resist corrosion (around neck)
 g - an uncursed ring of magical power
 n - a cursed ring of magical power (left hand)
 w - a ring of positive energy (right hand)
 D - an uncursed ring of ice
Potions
 B - a potion of might
 I - a potion of blood


   Skills:
 + Level 10.2 Fighting
 * Level 15.4 Maces & Flails
 + Level 10.2 Armour
 + Level 10.4 Shields
 + Level 7.5 Invocations


You had 11 spell levels left.
You didn't know any spells.

Dungeon Overview and Level Annotations

Branches:
Dungeon (13/27)            Temple (1/1) D:4             Orc (4/4) D:6
    Elf: Orc:3-4       Lair: D:8-13

Altars:
Ashenzari
Cheibriados
Elyvilon
Fedhas
Kikubaaqudgha
Makhleb
Nemelex Xobeh
Okawaru
Sif Muna
Trog
Vehumet
Xom
Yredelemnul
Zin
the Shining One
Beogh

Shops:
D:8 %[[/   D:13 ((   Orc:1 /   Orc:3 [

Portals:
Trove: D:12 (give +4,+6 demon whip)


Innate Abilities, Weirdness & Mutations

You reflexively headbutt those who attack you in melee.
You have a pair of horns on your head.
Your flesh is cold resistant.


Message History

The large slime creature hits you!
You sock the large slime creature! You headbutt the large slime creature!
The large slime creature is lightly wounded.
A large slime creature splits.
Your plate armour prevents you from hitting the large slime creature.
The large slime creature is lightly wounded.
Two slime creatures merge to form a very large slime creature.
You hit the very large slime creature.
The very large slime creature is lightly wounded.
You block the slime creature's attack.
The slime creature hits you but does no damage.
You sock the slime creature! You headbutt the slime creature.
The slime creature is moderately wounded.
The very large slime creature hits you!
The slime creature hits you but does no damage.
You block the slime creature's attack.
You hit the slime creature.
The slime creature is moderately wounded.
The very large slime creature hits you!
You die...

###### #...... #....[..
###+######## #........
........∩..# #........
...........#####........
.................H.......
...........#####@J.......
...........# #JJ.......
.._..####### #.#######
.....# #.# .....# #.#
..#### #.# ### #.#
####### #.# #<....# #.#
#####.#


You could see a very large slime creature, 2 slime creatures and a manticore.

Vanquished Creatures
  Fannar (D:13)
  A hydra (D:11)
  An orc high priest (Orc:4)
  Nergalle (D:12)
  An unseen horror (D:9)
  3 hill giants
  3 orc knights
  4 cyclopes
  3 two-headed ogres
  A troll (Orc:1)
  A giant firefly (shapeshifter) (D:9)
  10 slime creatures
  6 ugly things
  10 yaks
  A vampire (D:12)
  2 hungry ghosts
  A hippogriff (D:13)
  A soldier ant (D:13)
  5 necrophages
  13 orc warriors
  A manticore (D:9)
  A black bear (D:9)
  6 ice beasts
  2 sky beasts
  6 ogres
  3 phantoms
  4 centaurs
  2 rotting devils (D:12)
  2 wargs
  A brain worm (D:11)
  5 giant frogs
  2 water moccasins
  A manticore skeleton (D:13)
  A yak zombie (D:12)
  5 killer bees (D:9)
  2 eyes of draining
  2 troll zombies
  3 wights (D:11)
  5 crimson imps
  7 orc priests
  A goliath beetle (D:8)
  4 jellies
  3 scorpions
  7 orc wizards
  4 hounds
  3 iguanas
  2 sheep (D:11)
  5 worker ants
  A big kobold zombie (D:7)
  A mottled dragon skeleton (D:11)
  2 mummies
  11 adders
  7 gnolls
  A giant centipede (D:9)
  A giant mite (D:5)
  2 inept item mimics
  2 worms
  An inept feature mimic (D:8)
  2 giant eyeballs
  An iguana skeleton (D:10)
  4 oozes
  62 orcs
  2 ball pythons (D:2)
  8 goblins
  17 hobgoblins
  6 jackals
  4 training dummies (D:4)
  13 bats
  6 giant cockroaches
  3 giant geckos
  4 giant newts
  A hobgoblin skeleton (D:6)
  13 kobolds
  6 quokkas
  6 rats
  2 ballistomycetes
  A plant (D:5)
349 creatures vanquished.

Vanquished Creatures (others)
  3 giant spores
3 creatures vanquished.

Grand Total: 352 creatures vanquished

Notes
Turn   | Place    | Note
--------------------------------------------------------------
     0 | D:1      | Sugram, the Minotaur Fighter, began the quest for the Orb.
     0 | D:1      | Reached XP level 1. HP: 19/19 MP: 0/0
    83 | D:1      | Reached XP level 2. HP: 13/26 MP: 0/0
   567 | D:2      | Reached skill level 4 in Shields
   567 | D:2      | Reached XP level 3. HP: 25/33 MP: 1/1
   653 | D:2      | Found a deep blue altar of Sif Muna.
   850 | D:2      | Reached XP level 4. HP: 31/40 MP: 1/1
  1752 | D:4      | Reached XP level 5. HP: 40/46 MP: 1/1
  1827 | D:4      | Found a staircase to the Ecumenical Temple.
  1835 | Temple   | Entered the Ecumenical Temple
  1967 | D:4      | Found an iron altar of Okawaru.
  1974 | D:4      | Became a worshipper of Warmaster Okawaru
  2086 | D:4      | Reached skill level 5 in Maces & Flails
  2419 | D:5      | Entered Level 5 of the Dungeon
  2476 | D:5      | Noticed an ogre
  2485 | D:5      | Killed an ogre
  2485 | D:5      | Reached XP level 6. HP: 33/53 MP: 2/2
  2658 | D:5      | Found a basalt altar of Yredelemnul.
  2796 | D:5      | Reached skill level 5 in Shields
  2835 | D:5      | Noticed an ice beast
  2850 | D:5      | Killed an ice beast
  2850 | D:5      | Acquired Okawaru's first power
  2850 | D:5      | Reached skill level 5 in Fighting
  2850 | D:5      | Reached skill level 6 in Maces & Flails
  2850 | D:5      | Reached skill level 5 in Armour
  3275 | D:6      | Reached XP level 7. HP: 60/60 MP: 2/2
  3332 | D:6      | Found a staircase to the Orcish Mines.
  3536 | D:6      | Paralysed by a giant eyeball for 4 turns
  3994 | D:7      | Reached skill level 7 in Maces & Flails
  4008 | D:7      | Got a dazzling plate armour
  4029 | D:7      | Identified the cursed -1 plate armour of Strike {+Rage} (You found it on level 7 of the Dungeon)
  4320 | D:7      | Reached XP level 8. HP: 53/69 MP: 2/2
  4731 | Orc:1    | Entered Level 1 of the Orcish Mines
  4731 | Orc:1    | Found Oruj's Magical Wand Boutique.
  4745 | Orc:1    | Reached skill level 8 in Maces & Flails
  5222 | Orc:3    | Reached skill level 9 in Maces & Flails
  5415 | Orc:3    | Found Dypni's Antique Armour Emporium.
  5424 | Orc:3    | Bought a pair of glowing gloves for 34 gold pieces
  5479 | Orc:4    | Entered Level 4 of the Orcish Mines
  5479 | Orc:4    | Found a roughly hewn altar of Beogh.
  5487 | Orc:4    | Reached skill level 1 in Invocations
  5518 | Orc:4    | Noticed an orc knight
  5541 | Orc:4    | Killed an orc knight
  5541 | Orc:4    | Reached XP level 9. HP: 56/75 MP: 6/6
  5568 | Orc:4    | Noticed an orc knight
  5576 | Orc:4    | Reached skill level 10 in Maces & Flails
  5588 | Orc:4    | Killed an orc knight
  5742 | Orc:4    | Noticed an orc knight
  5747 | Orc:4    | Noticed an orc sorcerer
  5748 | Orc:4    | Reached skill level 11 in Maces & Flails
  5754 | Orc:4    | Noticed an orange demon
  5801 | Orc:3    | Killed an orc knight
  6199 | D:8      | Reached skill level 12 in Maces & Flails
  6226 | D:8      | Found Soev's Antique Armour Shop.
  6230 | D:8      | Found Ciud's Food Shoppe.
  6346 | D:8      | Found Straol's Magical Wand Boutique.
  6354 | D:8      | Found a staircase to the Orcish Mines.
  6361 | D:8      | the staircase to the Orcish Mines was a mimic.
  6394 | D:8      | Found a snail-covered altar of Cheibriados.
  6472 | D:8      | Got a twisted helmet
  6568 | D:8      | Found Ogawn's Armour Emporium.
  6572 | D:8      | Reached XP level 10. HP: 83/83 MP: 11/11
  6667 | D:9      | Reached skill level 5 in Invocations
  7264 | D:9      | Killed an unseen horror
  7264 | D:9      | Acquired Okawaru's second power
  7264 | D:9      | Reached skill level 13 in Maces & Flails
  7408 | D:9      | Paralysed by a giant eyeball for 2 turns
  7411 | D:9      | Paralysed by a giant eyeball for 2 turns
  7581 | D:10     | Entered Level 10 of the Dungeon
  7601 | D:10     | Noticed a hill giant
  8102 | D:10     | Found a sparkling altar of Nemelex Xobeh.
  8208 | D:10     | Killed a hill giant
  8727 | D:11     | Reached XP level 11. HP: 92/92 MP: 13/13
  8997 | D:11     | Noticed an eight-headed hydra
  9010 | D:11     | Killed an eight-headed hydra
  9584 | Orc:4    | Noticed an orc high priest
  9595 | Orc:4    | Noticed a sun demon
  9597 | Orc:4    | Killed an orc high priest
  9597 | Orc:4    | Reached skill level 14 in Maces & Flails
  9620 | Orc:4    | HP: 2/93 [sun demon[an orc high priest] (19)]
 10664 | D:12     | Noticed Nergalle
 10673 | D:12     | Killed Nergalle
 10721 | D:12     | Found a portal to a secret trove of treasure.
 10810 | D:12     | Received a gift from Okawaru
 10820 | D:12     | Got a pair of twisted gloves {god gift}
 10824 | D:12     | Identified the +2 pair of gloves of Pragmatism {Str+2 Dex+3} (Okawaru gifted it to you on level 12 of the Dungeon)
 10977 | D:12     | Noticed a hill giant
 10988 | D:12     | Killed a hill giant
 11007 | D:12     | Noticed a hill giant
 11022 | D:12     | Killed a hill giant
 11055 | D:12     | Found a flickering gateway to a bazaar.
 11080 | D:12     | Reached XP level 12. HP: 79/102 MP: 10/18
 11090 | Bazaar   | Entered a bazaar
 11092 | Bazaar   | Found Blusumn's Assorted Antiques.
 11100 | Bazaar   | Found Stoin Shro's General Store.
 11108 | Bazaar   | Found Eries' Magic Scroll Boutique.
 11125 | Bazaar   | Found Braoroha's Antique Armour Emporium.
 11150 | Bazaar   | Bought a scroll of enchant weapon I for 66 gold pieces
 11150 | Bazaar   | Bought a scroll of enchant armour for 66 gold pieces
 11177 | Bazaar   | Bought a potion of beneficial mutation for 560 gold pieces
 11178 | Bazaar   | Gained mutation: Your flesh is cold resistant. [potion of beneficial mutation]
 11202 | D:12     | Reached skill level 15 in Maces & Flails
 11618 | D:13     | Reached skill level 10 in Shields
 11869 | D:8      | Bought an apple for 10 gold pieces
 11869 | D:8      | Bought a rambutan for 5 gold pieces
 11869 | D:8      | Bought a pear for 10 gold pieces
 11869 | D:8      | Bought a meat ration for 52 gold pieces
 12009 | D:13     | Reached skill level 10 in Armour
 12014 | D:13     | Reached skill level 10 in Fighting
 12131 | D:13     | Noticed Fannar
 12147 | D:13     | Killed Fannar
 12243 | D:13     | Found an iron altar of Okawaru.
 12246 | D:13     | Found Shrowu's Antique Weapon Shop.
 12260 | D:13     | Found Hez Isa's Antique Weapon Emporium.
 12278 | D:13     | Slain by a very large slime creature

Action                   |  1- 3 |  4- 6 |  7- 9 | 10-12 || total
-------------------------+-------+-------+-------+-------++-------
Melee: Mace              |   108 |   141 |   289 |   708 ||  1246
       Flail             |       |       |   117 |       ||   117
Invok: Heroism           |       |       |    10 |    26 ||    36
       Finesse           |       |       |       |     5 ||     5
 Abil: Evoke Berserk Rag |       |       |     4 |     1 ||     5
  Use: Scroll            |       |     9 |    12 |    10 ||    31
       Potion            |       |     6 |    11 |     6 ||    23
